 Dungeon Crawl Stone Soup version 0.28.0-43-g3370ac3207 (webtiles) character file.

Game seed: 17260883605545047116

1899 Kaptain the Digger (level 9, -10/55 HPs)
             Began as a Gargoyle Earth Elementalist on Mar 16, 2022.
             Mangled by Harold
             ... wielding a +0 long sword
              (21 damage)
             ... on level 7 of the Dungeon.
             The game lasted 00:12:01 (7774 turns).

Kaptain the Digger (Gargoyle Earth Elementalist)    Turns: 7774, Time: 00:12:02

Health: -10/55     AC: 13    Str: 11    XL:     9   Next: 15%
Magic:  2/16       EV: 12    Int: 21    God:
Gold:   271        SH:  0    Dex: 10    Spells: 14/18 levels left

rFire   . . .      SeeInvis .   f - +4 short sword
rCold   . . .      Faith    .   (no shield)
rNeg    + . .      Spirit   .   r - +0 leather armour
rPois   ∞          Reflect  .   (no helmet)
rElec   +          Harm     .   (no cloak)
rCorr   +          Rampage  .   (no gloves)
Will    .....                   i - +2 pair of boots
Stlth   ++........              (no amulet)
HPRegen 0.18/turn               a - ring of resist corrosion
MPRegen 0.15/turn               (no ring)

@: mighty, marked
A: sickness immunity, AC +6, negative energy resistance 1, electricity
resistance, torment resistance 1, petrification resistance
a: no special abilities


You were on level 7 of the Dungeon.
You visited 2 branches of the dungeon, and saw 8 of its levels.

You collected 271 gold pieces.

Inventory:

Hand Weapons
 e - a +3 flail of holy wrath
 f - a +4 short sword (weapon)
 j - a +3 short sword
Missiles
 c - 16 stones
 n - 18 sling bullets
 w - 5 poisoned darts
Armour
 i - a +2 pair of boots (worn)
 r - a +0 leather armour (worn)
Jewellery
 a - a ring of resist corrosion (left hand)
 o - an amulet of faith
Wands
 s - a wand of iceblast (8)
 v - a wand of polymorph (10)
Scrolls
 b - 4 scrolls of teleportation {unknown}
 h - a scroll of noise {unknown}
 m - 4 scrolls of fear
 q - 2 scrolls of enchant weapon
 t - a scroll of brand weapon {unknown}
Potions
 g - a potion of might
 k - 2 potions of mutation {unknown}
 l - a potion of brilliance {unknown}
 p - a potion of curing
 u - a potion of lignification {unknown}


   Skills:
 * Level 5.7 Fighting
 + Level 3.7 Armour
 - Level 3.0 Dodging
 - Level 2.1 Stealth
 * Level 5.1 Spellcasting
 * Level 5.5 Conjurations
 - Level 0.7 Transmutations
 * Level 7.2 Earth Magic


You had 14 spell levels left.
You knew the following spells:

 Your Spells              Type           Power      Damage    Failure   Level
a - Sandblast             Erth           70%        2d15      1%          1
b - Stone Arrow           Conj/Erth      64%        3d11      3%          3

Your spell library contained the following spells:

 Spells                   Type           Power      Damage    Failure   Level
 Passwall                 Tmut/Erth      18%        N/A       4%          2
 Petrify                  Tmut/Erth      22%        N/A       26%         4
 Irradiate                Conj/Tmut      9%         3d16      71%         5
 Sublimation of Blood     Necr           Unusable   N/A       N/A         2

Dungeon Overview and Level Annotations

Branches:
Dungeon (7/15)             Temple (1/1) D:4

Altars:
Ashenzari
Fedhas
Gozag
Hepliaklqana
Kikubaaqudgha
Makhleb
Nemelex Xobeh
Okawaru
Qazlal
Ru
Sif Muna
Trog
Vehumet
Wu Jian
The Shining One

Shops:
D:4 *

Annotations:
D:7 Harold


Innate Abilities, Weirdness & Mutations

You are immune to sickness and miasma.
Your stone body is resilient. (AC +6)
You are immune to poison.
You resist negative energy. (rN+)
You are resistant to electric shocks. (rElec)
You are resistant to unholy torment.
You are immune to petrification.


Message History

You barely miss Harold.
Harold is heavily wounded.
Harold closely misses you.
You barely miss Harold.
Harold is heavily wounded.
Harold hits you with a +0 long sword!
Casting: Sandblast (safe; 1% risk of failure)
Confirm with . or Enter, or press ? or * to list all spells.
Aiming: Sandblast (safe; 1% risk of failure)
Press: ? - help, Shift-Dir - straight line, f/p - Harold
Aim: Harold, wielding a +0 long sword and wearing a +0 ring mail (heavily wounded, 89% to hit)
The blast of sand hits Harold.
Harold is heavily wounded.
Harold hits you with a +0 long sword!!
* * * LOW HITPOINT WARNING * * *
You feel much better.
Harold points at you and mumbles some strange words.
The mark upon you grows brighter.
You feel very mighty all of a sudden.
Harold says, "Try to look on the bright side.
Your death will help put my children through school."
Harold hits you with a +0 long sword!
You puncture Harold!
Harold is heavily wounded.
Harold hits you with a +0 long sword!
* * * LOW HITPOINT WARNING * * *
You feel much better. Harold misses you.
You completely miss Harold.
Harold is heavily wounded.
Harold closely misses you.
You puncture Harold!
Harold is severely wounded.
Harold hits you with a +0 long sword.
You hit Harold.
Harold is severely wounded.
Harold hits you with a +0 long sword!!
* * * LOW HITPOINT WARNING * * *
Harold hits you with a +0 long sword.
* * * LOW HITPOINT WARNING * * *
You feel better. Harold hits you with a +0 long sword!!
You die...

.. .. #.# ..##.##.###
..........#
..........# ........
..... ##+#.@# #....@#
#.....# #.....#
#.....#######
#............
...#....##############
.
......................
..
...####.#####.........
... ##..# #.#
#.'.........


You could see Harold.

Vanquished Creatures
  Prince Ribbit (D:6)
  Edmund (D:4)
  Duvessa (D:6)
  2 black bears (D:4)
  2 sky beasts
  An ogre (D:5)
  A centaur (D:7)
  A phantom (D:6)
  A bullfrog (D:7)
  3 scorpions
  2 water moccasin skeletons
  Dowan (D:6)
  3 jellies
  2 hounds (D:6)
  An orc priest (D:3)
  Terence (D:3)
  2 iguanas
  2 killer bee zombies (D:6)
  3 adders
  A shadow imp (D:5)
  3 ufetubi
  An adder skeleton (D:5)
  A worm (D:4)
  3 dart slugs
  18 orcs
  11 bats
  2 bat zombies (D:2)
  4 endoplasms
  A giant cockroach (D:2)
  7 goblins
  11 hobgoblins
  3 jackals (D:1)
  5 quokkas
  9 ball pythons
  2 frilled lizards (D:1)
  5 kobolds
  A quokka skeleton (D:2)
  8 rats
127 creatures vanquished.

Vanquished Creatures (others)
  A withered plant (D:2)
1 creature vanquished.

Grand Total: 128 creatures vanquished

Notes
Turn   | Place    | Note
-------+----------+-------------------------------------------
     0 | D:1      | Kaptain the Gargoyle Earth Elementalist began the quest for
                  | the Orb.
     0 | D:1      | Reached XP level 1. HP: 10/10 MP: 3/3
   442 | D:1      | Reached XP level 2. HP: 13/16 MP: 3/5
   857 | D:1      | Reached skill level 1 in Fighting
   912 | D:1      | Reached skill level 1 in Conjurations
  1007 | D:1      | Reached XP level 3. HP: 20/20 MP: 4/6
  1011 | D:1      | Learned a level 3 spell: Stone Arrow
  1017 | D:1      | Found a faded altar of an unknown god.
  1577 | D:2      | Reached skill level 4 in Earth Magic
  1815 | D:2      | You fall into a shaft and drop 2 floors!
  1816 | D:4      | Found Goiz Wirr's Elemental Accessories.
  1818 | D:4      | Noticed a black bear
  1822 | D:4      | Reached skill level 1 in Armour
  1822 | D:4      | Reached XP level 4. HP: 24/26 MP: 3/7
  1837 | D:4      | Killed a black bear
  1838 | D:4      | Reached XP level 5. HP: 4/31 MP: 0/9
  2284 | D:4      | Identified the +1 scale mail of Kopser {rCorr Dex-2 Slay+5
                  | Stlth-}
  2340 | D:4      | Noticed a black bear
  2393 | D:4      | Killed a black bear
  2394 | D:4      | Reached XP level 6. HP: 34/36 MP: 5/10
  3745 | D:3      | Reached skill level 5 in Earth Magic
  4081 | D:3      | Noticed Terence
  4088 | D:3      | Killed Terence
  4353 | D:4      | Noticed Edmund
  4386 | D:4      | Killed Edmund
  4387 | D:4      | Reached XP level 7. HP: 35/41 MP: 0/12
  4528 | D:4      | Found an iron altar of Okawaru.
  4573 | D:4      | Found a staircase to the Ecumenical Temple.
  4580 | Temple   | Entered the Ecumenical Temple
  4875 | D:4      | Found a stormy altar of Qazlal.
  5214 | D:5      | Entered Level 5 of the Dungeon
  5604 | D:5      | Found a bloodstained altar of Trog.
  5655 | D:5      | Found a shimmering blue altar of Sif Muna.
  6176 | D:6      | Noticed Duvessa
  6176 | D:6      | Noticed Dowan
  6179 | D:6      | Killed Duvessa
  6180 | D:6      | Reached XP level 8. HP: 47/48 MP: 3/14
  6186 | D:6      | Killed Dowan
  6299 | D:6      | Reached skill level 6 in Earth Magic
  6918 | D:6      | Noticed Prince Ribbit
  6924 | D:6      | Killed Prince Ribbit
  6925 | D:6      | Reached skill level 5 in Fighting
  6925 | D:6      | Reached skill level 5 in Conjurations
  7599 | D:7      | Reached skill level 5 in Spellcasting
  7599 | D:7      | Reached skill level 7 in Earth Magic
  7599 | D:7      | Reached XP level 9. HP: 54/54 MP: 9/16
  7749 | D:7      | Noticed Harold
  7774 | D:7      | Mangled by Harold

Illustrated notes

Levels and vault maps discovered:
D:1:      dpeg_arrival_water_fire, layout_loops_ring,
          shapermc_ecumenical_altar_mp_urbaneastern
D:2:      layout_basic, serial_undead, serial_undead_f, serial_undead_a,
          serial_undead_f, serial_undead_b
D:3:      layout_basic, uniq_terence
D:4:      layout_basic, mainiacjoe_overflow_tiny_flanked, kennysheep_mini_moat,
          minmay_temple_entry_statues_pillars, nicolae_elemental_shop,
          uniq_edmund
D:5:      layout_rooms, lemuel_crystal_altar, mainiacjoe_overflow_chevrons
D:6:      layout_gridville, uniq_duvessa, uniq_prince_ribbit1
D:7:      layout_basic, elyvilon_altar_1, lemuel_crystal_altar,
          yredelemnul_forgotten_temple_becter, dk_noncrumbling_3, uniq_harold
Temple:   minmay_temple_curvy_loop

Skill      XL: |  1  2  3  4  5  6  7  8 |
---------------+-------------------------+-----
Fighting       | 1 2 3 4 5 |  5.7
Conjurations   | 1 2 3 4 5 |  5.5
Earth Magic    | 4 5 7 |  7.2
Armour         | 1 2 3 |  3.7
Dodging        | 2 3 |  3.0
Spellcasting   | 3 4 5 |  5.1
Stealth        | |  2.1
Transmutations | |  0.7

Action                   |  1- 3 |  4- 6 |  7- 9 || total
-------------------------+-------+-------+-------++-------
Melee: Dagger            |    29 |       |       ||    29
       Unarmed           |     1 |       |       ||     1
       Punch             |     1 |       |       ||     1
       Short sword       |    11 |    33 |    18 ||    62
 Cast: Sandblast         |    45 |    69 |    27 ||   141
       Stone Arrow       |       |     6 |    55 ||    61
  Use: Scroll            |     2 |     8 |       ||    10
       Potion            |       |     1 |     4 ||     5
 Stab: Sleeping          |     1 |       |       ||     1
Armor: Robe              |    19 |     9 |       ||    28
       Leather armour    |       |     6 |    20 ||    26
Dodge: Dodged            |    39 |    34 |    20 ||    93
